AoeStats
← timmy_turner

Arabian Desert

510214334Analyzed
1v1 RM · 4d ago on Sep 30, 2026· 44m 52s· 2 players
Game mode
Random Map
Map size
Tiny (2 player)
Population
200
Speed
Normal
Resources
Standard
Victory
Conquest
Starting age
Dark Age
Ending age
Imperial Age
RankedLock teamsTeams togetherTeam positionsShared explorationLock speedFull tech treeHidden civsTurbo modeCheats
Victory
Defeat
🇩🇪 Teutons · Germany
1611
+17
🇺🇸 Aztecs · United States
1635
-17
Alneryus
5:49 Loom
9:39 Feudal Age
13:20 Town Watch
14:16 Fletching
18:02 Gold Mining
18:49 Padded Archer Armor
24:16 Castle Age
24:58 Bodkin Arrow
24:48 Crossbowman
26:04 Double-Bit Axe
30:12 Scale Barding Armor
30:43 Bloodlines
34:59 Chain Barding Armor
37:03 Wheelbarrow
38:15 Stone Mining
40:11 Forging
40:13 Bow Saw
45:17 Imperial Age
43:02 Horse Collar
timmy_turner
7:07 Loom
9:36 Feudal Age
10:37 Double-Bit Axe
14:38 Fletching
16:36 Arson
17:46 Padded Archer Armor
24:47 Castle Age
23:15 Horse Collar
23:52 Scale Mail Armor
24:59 Elite Skirmisher
25:46 Bodkin Arrow
26:11 Squires
26:51 Leather Archer Armor
28:38 Bow Saw
30:24 Eagle Warrior
34:39 Wheelbarrow
36:56 Forging
37:28 Hand Cart
39:15 Sanctity
40:52 Fervor
40:49 Pikeman
41:47 Chain Mail Armor
Connection lost

Rejoining the realm…

Still unreachable

The connection could not be restored.

Session expired

The server has moved on; the page needs a fresh start.